Map: [EWC] Oceanborn

Players

GuMiho

  • Race: Terran Terran
  • Spawn Location: 5:00

herO - Winner!

  • Race: Protoss Protoss
  • Spawn Location: 11:00

Event: Esports World Cup 2024

VOD

Have the link to the VOD?

Description

Time

  • Played on: Aug. 17, 2024, 9:07 a.m.
  • Length: 10:26

All games in this series

Show
View Real Time Build Order
Export as new Build Order

GuMiho Terran 

Build Orders:  

Get SALT Encoding   

  12  0:00  SCV  
  13  0:12  SCV  
  14  0:16  Supply Depot  
  14  0:24  SCV  
  15  0:38  SCV  
  15  0:39  Barracks  
  16  0:44  Refinery  
  16  0:50  SCV  
  17  1:02  SCV  
  18  1:14  SCV  
  19  1:25  Marine  
  19  1:26  Orbital Command  
  20  1:43  Command Center  
  20  1:51  Factory  
  20  1:54  SCV  
  21  2:02  Supply Depot  
  21  2:04  Barracks Reactor  
  21  2:08  SCV  
  22  2:20  SCV  
  23  2:32  SCV  
  23  2:35  Hellion  
  26  2:40  Marine x2  
  26  2:41  Starport  
  28  2:44  SCV  
  29  2:54  Orbital Command  
  29  2:56  Hellion  
  29  2:58  SCV, Marine x2  
  32  3:01  Supply Depot  
  34  3:10  SCV  
  34  3:12  Refinery  
  35  3:15  Orbital Command  
  35  3:16  Marine x2  
  35  3:19  Hellion  
  39  3:24  Medivac  
  39  3:26  SCV  
  42  3:34  Marine x2  
  43  3:38  SCV  
  43  3:41  SCV  
  46  3:42  Factory Tech Lab  
  46  3:43  Supply Depot  
  46  3:50  SCV  
  46  3:51  Marine  
  46  3:52  Marine  
  46  3:53  SCV  
  46  3:54  Starport Tech Lab  
  50  4:02  SCV  
  51  4:05  SCV  
  51  4:06  Barracks  
  51  4:08  Barracks  
  52  4:10  Engineering Bay  
  52  4:15  SCV  
  53  4:17  SCV  
  54  4:31  Marine x2  
  51  4:32  Siege Tank  
  51  4:36  SCV x2  
  57  4:41  Terran Infantry Weapons Level 1  
  57  4:46  Refinery  
  57  4:47  Supply Depot  
  57  4:48  Supply Depot, SCV x2  
  57  4:51  Marine  
  57  4:52  Marine  
  54  5:00  Supply Depot, SCV x2  
  54  5:02  Stimpack  
  54  5:03  Starport Reactor  
  55  5:12  Combat Shield, SCV x2, Marine x4  
  61  5:18  Factory Reactor  
  61  5:24  SCV x2  
  61  5:25  Supply Depot  
  63  5:31  Marine x2  
  63  5:32  Marine x2  
  63  5:35  Command Center  
  67  5:38  SCV x2  
  67  5:40  Medivac  
  67  5:41  Medivac  
  73  5:49  Supply Depot, Refinery  
  73  5:50  SCV x2  
  73  5:51  Marine  
  73  5:52  Marine x3  
  79  6:03  SCV x2, Barracks  
  81  6:04  Barracks  
  81  6:07  Widow Mine x2  
  85  6:15  SCV x2, Medivac x2  
  91  6:20  Marine x2  
  89  6:27  SCV  
  89  6:29  Marauder x2  
  89  6:31  Widow Mine x2  
  89  6:32  SCV  
  95  6:39  SCV  
  96  6:44  SCV  
  96  6:45  Medivac x2  
  101  6:47  Orbital Command  
  101  6:48  Supply Depot  
  101  6:51  Barracks Tech Lab, SCV, Concussive Shells, Barracks Reactor  
  102  6:56  Marauder  
  102  6:59  Marauder  
  106  7:02  Marine x2  
  106  7:04  SCV x2  
  106  7:05  Orbital Command  
  110  7:11  Marauder  
  112  7:16  SCV x2  
  112  7:17  Marine  
  112  7:20  Marine x3  
  112  7:21  Terran Infantry Armor Level 1  
  118  7:26  Viking  
  118  7:27  Viking  
  118  7:29  SCV  
  123  7:31  SCV  
  123  7:34  SCV  
  125  7:40  Supply Depot x2  
  125  7:41  Missile Turret  
  124  7:54  Command Center  
  124  8:01  Marine x2  
  124  8:02  Marauder x3  
  124  8:04  SCV  
  124  8:05  SCV x2  
  135  8:07  Missile Turret  
  135  8:09  Supply Depot  
  135  8:10  Widow Mine x2  
  135  8:12  Supply Depot, Medivac  
  141  8:20  Ghost Academy  
  141  8:22  SCV x3, Medivac  
  141  8:23  Refinery x2, Marauder  
  141  8:25  Marauder  
  149  8:27  Armory  
  149  8:31  Marauder  
  149  8:35  SCV x3  
  152  8:42  Viking  
  161  8:52  Viking  
  161  8:55  Supply Depot x2  
  162  8:56  Supply Depot, Ghost x3  
  161  9:09  Marine  
  161  9:10  Marine x2  
  161  9:12  Viking  
  166  9:18  Sensor Tower  
  166  9:22  Viking  
  166  9:25  Marauder x2  
  166  9:28  Marauder  
  166  9:30  Marine x3  
  175  9:31  Marine  
  176  9:47  Marauder x2  
  176  9:49  Marauder  
  159  9:53  Viking  
  159  9:54  Viking  
Show
View Real Time Build Order
Export as new Build Order

herO Protoss - Winner!

Build Orders: 1 Gate Expand, Phoenix Opening, Blink Stalkers 

Get SALT Encoding   

  12  0:01  Probe  
  13  0:13  Probe  
  14  0:18  Pylon  
  14  0:25  Probe (Chrono Boost)  
  15  0:37  Probe (Chrono Boost)  
  15  0:39  Gateway  
  16  0:45  Probe (Chrono Boost)  
  16  0:48  Assimilator  
  17  0:51  Probe  
  18  1:03  Probe  
  19  1:15  Probe  
  20  1:27  Cybernetics Core  
  20  1:36  Nexus  
  20  1:42  Pylon  
  20  1:45  Probe (Chrono Boost)  
  21  1:50  Assimilator  
  21  1:57  Probe (Chrono Boost)  
  22  2:03  Sentry  
  22  2:05  Probe (Chrono Boost)  
  25  2:08  Warp Gate (Chrono Boost)  
  25  2:11  Probe (Chrono Boost)  
  27  2:23  Probe (Chrono Boost)  
  27  2:26  Stalker  
  29  2:30  Probe (Chrono Boost)  
  29  2:31  Gateway  
  30  2:38  Probe (Chrono Boost)  
  30  2:43  Twilight Council  
  31  2:48  Probe (Chrono Boost)  
  33  2:53  Phoenix  
  33  2:55  Probe (Chrono Boost)  
  33  2:57  Probe (Chrono Boost)  
  34  2:58  Stalker  
  34  3:02  Probe x2 (Chrono Boost)  
  37  3:14  Probe x2  
  37  3:17  Blink (Chrono Boost), Pylon  
  40  3:27  Shield Battery, Probe  
  40  3:28  Probe  
  41  3:37  Robotics Facility  
  41  3:40  Probe x2  
  43  3:51  Stalker  
  43  3:52  Probe x2  
  43  3:54  Stalker  
  49  4:04  Probe x2  
  49  4:07  Pylon  
  51  4:12  Nexus  
  50  4:19  Stalker  
  52  4:25  Stalker  
  52  4:27  Probe  
  52  4:28  Probe  
  52  4:31  Observer  
  56  4:32  Assimilator  
  56  4:35  Assimilator  
  57  4:40  Probe (Chrono Boost)  
  57  4:41  Pylon  
  57  4:42  Probe (Chrono Boost)  
  57  4:44  Phoenix  
  59  4:49  Forge  
  59  4:52  Probe (Chrono Boost)  
  61  4:56  Probe (Chrono Boost)  
  61  4:58  Probe (Chrono Boost)  
  62  5:01  Pylon  
  62  5:02  Immortal  
  62  5:03  Charge  
  62  5:04  Probe  
  62  5:06  Probe  
  68  5:16  Shield Battery  
  68  5:17  Probe (Chrono Boost), Pylon  
  70  5:21  Probe (Chrono Boost)  
  70  5:25  Shield Battery, Probe (Chrono Boost)  
  70  5:26  Sentry  
  70  5:28  Sentry  
  76  5:33  Probe (Chrono Boost)  
  76  5:34  Probe (Chrono Boost)  
  76  5:35  Probe (Chrono Boost)  
  78  5:36  Gateway  
  78  5:37  Gateway  
  78  5:39  Probe (Chrono Boost)  
  78  5:41  Probe  
  81  5:42  Robotics Bay, Probe  
  81  5:48  Observer  
  81  5:51  Gateway  
  81  5:52  Zealot x2  
  86  5:57  Probe x3  
  86  5:59  Protoss Ground Weapons Level 1 (Chrono Boost)  
  86  6:00  Observer  
  86  6:01  Pylon  
  86  6:03  Gateway  
  89  6:09  Gateway  
  90  6:11  Probe  
  90  6:13  Gateway  
  90  6:16  Pylon  
  90  6:26  Zealot x2  
  90  6:28  Extended Thermal Lance  
  90  6:32  Colossus (Chrono Boost)  
  94  6:36  Observer  
  100  6:41  Zealot, Sentry  
  104  6:47  Nexus  
  104  6:50  Pylon  
  104  6:56  Probe x3, Pylon  
  104  6:58  Pylon  
  107  7:05  Stalker x4  
  115  7:10  Stalker x2  
  115  7:13  Zealot x2  
  123  7:17  Shield Battery  
  123  7:21  Phoenix  
  123  7:22  Colossus (Chrono Boost)  
  123  7:25  Probe x2  
  123  7:26  Probe  
  123  7:27  Shield Battery  
  132  7:33  Pylon  
  132  7:36  Pylon  
  132  7:37  Forge  
  132  7:42  Probe x2  
  132  7:43  Probe  
  135  7:48  Protoss Ground Weapons Level 2 (Chrono Boost)  
  135  7:55  Zealot x8  
  147  8:00  Protoss Ground Armor Level 1 (Chrono Boost)  
  147  8:02  Colossus (Chrono Boost)  
  147  8:10  Probe, Phoenix, Photon Cannon  
  147  8:11  Probe x3  
  157  8:19  Zealot x3  
  163  8:31  Pylon  
  161  8:35  Photon Cannon  
  161  8:37  Gateway, Pylon  
  161  8:44  Robotics Facility  
  161  8:45  Zealot x2  
  161  8:46  Zealot x3  
  171  8:51  Gravitic Drive  
  171  8:52  Zealot x3  
  171  8:55  Disruptor (Chrono Boost)  
  177  8:56  Pylon  
  177  8:58  Pylon  
  181  9:07  Zealot x4  
  187  9:13  Observer  
  187  9:20  Nexus  
  187  9:22  Warp Prism (Chrono Boost), Photon Cannon  
  187  9:23  Shield Battery  
  187  9:27  Zealot  
  187  9:28  Zealot x3  
  187  9:30  Observer, Pylon  
  198  9:36  Gateway  
  198  9:38  Gateway, Stargate  
  198  9:51  Zealot x8  
  176  10:14  Zealot x9  
Tags
 
Add a new tag
Caveats
  • Supply blocks, unpowered buildings, or Contaminate may cause inaccurate times.
  • Supply counts are checked every 10 seconds.